 Dungeon Crawl Stone Soup version 0.18-a0-1346-g721e183 (console) character file.

71 sorlin the Chiller (level 4, -10/30 HPs)
             Began as a Demonspawn Ice Elementalist on Feb 16, 2016.
             Was an Initiate of Vehumet.
             Blown up by Ijyb (19 damage)
             ... with a wand of disintegration
             ... on level 2 of the Dungeon.
             The game lasted 00:06:51 (2131 turns).

sorlin the Chiller (Demonspawn Ice Elementalist)    Turns: 2131, Time: 00:06:52

Health: -10/30     AC:  2    Str:  8    XL:     4   Next: 5%
Magic:  6/7        EV: 12    Int: 18    God:    Vehumet [......]
Gold:   113        SH:  0    Dex: 13    Spells: 3 memorised, 1 level left

rFire  . . .     SeeInvis .     f - +0 dagger
rCold  . . .     Gourm    .     a - +0 robe
rNeg   . . .     Faith    .     (no shield)
rPois  .         Spirit   .     (helmet restricted)
rElec  .         Dismiss  .     (no cloak)
rCorr  .         Reflect  .     (no gloves)
SustAt .         Harm     .     (no boots)
MR     .....                    (no amulet)
Stlth  ++++......               (no ring)
                                k - ring of stealth

@: not resistant to hostile enchantments, stealthy
A: antennae 1, nightstalker 1
a: Renounce Religion


You were on level 2 of the Dungeon.
You worshipped Vehumet.
Vehumet was noncommittal.
You were not hungry.

You visited 1 branch of the dungeon, and saw 2 of its levels.

You collected 113 gold pieces.

Inventory:

Hand Weapons
 f - a +0 dagger (weapon)
 g - a cursed -1 dagger
Armour
 a - a +0 robe (worn)
Jewellery
 k - a ring of stealth (left hand)
Scrolls
 j - 3 scrolls of teleportation {unknown}
 l - a scroll of remove curse {unknown}
 m - a scroll of amnesia {unknown}
Potions
 d - a potion of brilliance {unknown}
 e - 2 potions of magic {unknown}
 h - a potion of curing {unknown}
 i - a potion of flight {unknown}
Books
 b - a book of Frost

   Spells                             Type                      Level
   a - Freeze                         Ice                          1
   b - Throw Frost                    Conjuration/Ice              2
   c - Ozocubu's Armour               Charms/Ice                   3
   d - Throw Icicle                   Conjuration/Ice              4
   e - Summon Ice Beast               Ice/Summoning                4
Comestibles
 c - 2 bread rations


   Skills:
 - Level 1.7 Dodging
 - Level 1.7 Stealth
 - Level 2.0 Spellcasting
 - Level 1.0 Conjurations
 + Level 1.2 Charms
 - Level 4.1 Ice Magic


You had one spell level left.
You knew the following spells:

 Your Spells              Type           Power        Failure   Level  Hunger
a - Freeze                Ice            ###.         3%          1    #......
b - Throw Frost           Conj/Ice       ##....       12%         2    ###....
o - Ozocubu's Armour      Chrm/Ice       ##......     21%         3    ###....


Dungeon Overview and Level Annotations

Branches:
Dungeon (2/15)

Altars:
Ashenzari
Vehumet

Annotations:
D:2 Ijyb


Innate Abilities, Weirdness & Mutations

You have a pair of small antennae on your head.
You are slightly more attuned to the shadows.


Message History

* * * LOW HITPOINT WARNING * * *
The bat misses you. The bat misses you. The bat completely misses you.
The bat hits you.
* * * LOW HITPOINT WARNING * * *
The bat hits you but does no damage. The bat misses you.
The bat completely misses you.
Casting: Freeze
Confirm with . or Enter, or press ? or * to list all spells.
Aiming: Freeze
Press: ? - help, Shift-Dir - straight line, f - bat, p - Ijyb
Aim: a bat You freeze the bat.
You kill the bat!
Vehumet accepts your kill.
Ijyb zaps a wand.
You are blasted!
Ouch! That really hurt!
You die...

.#..##.#.##.##.#.##.####.#######
............##.#.##.# #...#
.#..##.#.##.##.####.# #.###
....................# #.#
.#..##.#.##.##.###..# #.#
.................. ..#.########
....##.....s........
#.#.........
...........g...#.#.#
#.#.......##
....####.##.####.#.# #.#########
..... #.##.####.#.# #.# ....#
#....sg..@..###.##### ....#
#.##.####.#.........# ##..#
#.##.# #.......###.#
##..####.##.# ###.##### #.#####
.........##.# #.# #.#..<#
###.######### #.# #.#.#### # #.#
#.# #....... ###.#######
#.#######.###### ...........
................ ###########
#.#######.###### # #.#


You could see Ijyb and a giant cockroach.

Vanquished Creatures
  2 adders (D:2)
  An ooze (D:1)
  A worm (D:2)
  2 giant geckos (D:1)
  3 giant cockroaches
  4 goblins
  5 hobgoblins (D:1)
  6 kobolds
  A quokka (D:2)
  8 bats
  4 giant newts
  4 rats (D:1)
41 creatures vanquished.

Notes
Turn   | Place    | Note
--------------------------------------------------------------
     0 | D:1      | sorlin the Demonspawn Ice Elementalist began the quest for the Orb.
     0 | D:1      | Reached XP level 1. HP: 13/13 MP: 3/3
    87 | D:1      | Reached skill level 3 in Ice Magic
   131 | D:1      | Gained mutation: You are slightly more attuned to the shadows. [demonic ancestry]
   131 | D:1      | Reached XP level 2. HP: 8/19 MP: 0/5
   356 | D:1      | Learned a level 2 spell: Throw Frost
   728 | D:1      | Reached XP level 3. HP: 15/24 MP: 0/6
  1027 | D:1      | Found a shattered altar of Ashenzari.
  1044 | D:1      | Reached skill level 4 in Ice Magic
  1258 | D:2      | Learned a level 3 spell: Ozocubu's Armour
  1464 | D:2      | Found a radiant altar of Vehumet.
  1478 | D:2      | Became a worshipper of Vehumet
  1543 | D:2      | Reached skill level 1 in Charms
  1776 | D:2      | Gained mutation: You have a pair of small antennae on your head. [demonic ancestry]
  1776 | D:2      | Reached XP level 4. HP: 10/30 MP: 0/7
  2088 | D:2      | Noticed Ijyb
  2131 | D:2      | Blown up by Ijyb

Vault maps used:
D:1:      roderic_chinese_lattice_arrival, minmay_misc_feat_iff,
          evilmike_ruin_ashenzari
D:2:      vehumet_crystals, uniq_iyjb

Action                   |  1- 3 |  4- 6 || total
-------------------------+-------+-------++-------
Melee: Unarmed           |    33 |       ||    33
       Dagger            |    15 |       ||    15
 Cast: Freeze            |    41 |     4 ||    45
       Throw Frost       |    18 |     1 ||    19
 Stab: Sleeping          |     4 |       ||     4
  Eat: Chunk             |     5 |     1 ||     6
